 Dungeon Sprint DCSS version 0.28-a0-697-g47f3eba078 (webtiles) character file.

Game seed: 14962965220370037329

235 mhtbhm the Carver (level 6, -31/56 HPs)
             Began as a Human Gladiator on Oct 24, 2021.
             Killed from afar by a deep elf pyromancer (36 damage)
             ... with a bolt of fire
             ... in the Dungeon (Sprint III: "The Ten Rune Challenge").
             The game lasted 00:02:14 (1092 turns).

mhtbhm the Carver (Human Gladiator)                 Turns: 1092, Time: 00:02:15

Health: -31/56     AC:  4    Str: 16    XL:     6   Next: 27%
Magic:  6/6        EV: 14    Int:  9    God:
Gold:   40         SH:  0    Dex: 14    Spells: 5/5 levels left

rFire   . . .      SeeInvis .   a - +0 long sword
rCold   . . .      Faith    .   (no shield)
rNeg    . . .      Spirit   .   b - +0 leather armour
rPois   .          Reflect  .   c - +0 helmet
rElec   .          Harm     .   (no cloak)
rCorr   .          Rampage  .   (no gloves)
Will    .....      NoTele   +   (no boots)
Stlth   +.........              (no amulet)
HPRegen 0.18/turn               (no ring)
MPRegen 0.10/turn               (no ring)

@: on fire, glowing
A: sense surroundings 1, robust 1, subdued magic 1
a: no special abilities


You were in the Dungeon.
You visited 1 branch You collected 40 gold pieces.

Inventory:

Hand Weapons
 a - a +0 long sword (weapon)
Missiles
 d - 2 throwing nets (quivered)
Armour
 b - a +0 leather armour (worn)
 c - a +0 helmet (worn)
Scrolls
 j - a scroll of blinking
 k - a scroll of fear
 l - a scroll of torment
 o - a scroll of holy word
Potions
 e - 2 potions of curing
 g - a potion of haste
 h - 2 potions of magic
 i - a potion of mutation
 n - 3 potions of flight


   Skills:
 + Level 5.0 Fighting
 + Level 8.2 Long Blades
 + Level 3.9 Throwing
 + Level 3.3 Armour
 + Level 6.5 Dodging
 + Level 1.9 Stealth


You had 5 spell levels left.
You didn't know any spells.
Your spell library contained the following spells:

 Spells                   Type           Power      Damage    Failure   Level
 Corpse Rot               Necr/Air       0%         N/A       54%         2
 Poisonous Vapours        Pois/Air       0%         N/A       54%         2


Dungeon Overview and Level Annotations

Branches:
Dungeon (1/1)

Altars:
Dithmenos
Elyvilon
Kikubaaqudgha
Ru
Sif Muna
Vehumet
Yredelemnul
Zin
The Shining One


Innate Abilities, Weirdness & Mutations

You passively map a small area around you.
You are robust. (+10% HP)
Your spells are a little easier to cast, but a little less powerful.


Message History

You are too injured to fight recklessly!
You are too injured to fight recklessly!
You are too injured to fight recklessly!
You are too injured to fight recklessly!
Unknown command.
You feel much better. The fire elemental barely misses you.
The deep elf pyromancer hits you with a +2 long sword of holy wrath.
The fire elemental hits you. The fire elemental burns you!
Unknown command.
Press: ? - help, v - describe, . - travel
Here: a deep elf pyromancer, wielding a +2 long sword of holy wrath (severely wounded)
The floor, spattered with blood.
Unknown command.
Okay, then.
Okay, then.
Press: ? - help, v - describe, . - travel
Here: a fire elemental (summoned)
The floor.
Unknown command.
Blink to where?
Press: ? - help, Dir - move target
Okay, then.
Okay, then.
You feel better.
The deep elf pyromancer casts a spell at you.
The sticky flame hits you!
You are covered in liquid flames!
The fire elemental misses you.
Unknown command.
Unknown command.
You hit the deep elf pyromancer.
The deep elf pyromancer is almost dead.
You are covered in liquid flames!
* * * LOW HITPOINT WARNING * * *
The fire elemental hits you. The fire elemental burns you!
* * * LOW HITPOINT WARNING * * *
The deep elf pyromancer gestures at you while chanting.
The bolt of fire hits you!!!
Ouch! That really hurt!
You die...

▓▓▓▓▓▓▓▓ ▓▓▓ .'...♣.♣
♣.##### *####* .#....♣♣♣
♣.#___# _#__# ##....♣.♣
♣♣.#...#_ #._#, , ,
.#....≈♣♣♣♣..###@#+###)##
,,
.#...≈≈♣.♣...#..Ee......#,
,,
.#..≈≈≈≈.....'.⌠........#
,
'#..≈≈≈≈≈≈♣..#...######+#,
†#.≈≈≈≈≈≈....#.⌠.# + *
.#.≈≈≈≈≈.....#...# * *, ≈
* .#.≈≈≈.......#'### *, *
≈ ≈*,
##...........#.).#__* * ,
, ÷............#___# , * ,


You could see a deep elf pyromancer and a fire elemental (summoned).

Vanquished Creatures
  A necrophage (D)
  A water elemental (D)
  A wizard (D)
  A necromancer (D)
  A kobold demonologist (D)
  A human (D)
  A phantom (D)
  An endoplasm (D)
  3 rats (D)
11 creatures vanquished.

Notes
Turn   | Place    | Note
-------+----------+-------------------------------------------
     0 | D        | mhtbhm the Human Gladiator began the quest for the Orb.
     0 | D        | Reached XP level 1. HP: 16/16 MP: 1/1
   278 | D        | Reached skill level 4 in Long Blades
   278 | D        | Reached XP level 2. HP: 5/23 MP: 2/2
   278 | D        | Reached XP level 3. HP: 6/28 MP: 3/3
   537 | D        | Reached skill level 1 in Armour
   553 | D        | Gained mutation: You are clumsy. (Dex -2) [potion of
                  | mutation]
   553 | D        | Gained mutation: You sometimes lose the ability to read
                  | scrolls when taking damage. [potion of mutation]
   554 | D        | Lost mutation: You are clumsy. (Dex -2) [potion of
                  | mutation]
   554 | D        | Lost mutation: You sometimes lose the ability to read
                  | scrolls when taking damage. [potion of mutation]
   554 | D        | Gained mutation: Your spells are a little easier to cast,
                  | but a little less powerful. [potion of mutation]
   554 | D        | Gained mutation: You are robust. (+10% HP) [potion of
                  | mutation]
   554 | D        | Gained mutation: You passively map a small area around you.
                  | [potion of mutation]
   600 | D        | Noticed a water elemental
   609 | D        | Killed a water elemental
   610 | D        | Reached skill level 5 in Long Blades
   610 | D        | Reached skill level 5 in Dodging
   610 | D        | Reached XP level 4. HP: 20/40 MP: 4/4
   784 | D        | Found a radiant altar of Vehumet.
   787 | D        | Found a shimmering blue altar of Sif Muna.
   787 | D        | Found an ancient bone altar of Kikubaaqudgha.
   787 | D        | Noticed a wizard
   790 | D        | Killed a wizard
   791 | D        | Reached skill level 6 in Long Blades
   791 | D        | Reached skill level 1 in Stealth
   791 | D        | Reached XP level 5. HP: 46/46 MP: 5/5
   791 | D        | Noticed an ice devil
   911 | D        | Found a shadowy altar of Dithmenos.
   911 | D        | Noticed a necrophage
   912 | D        | Found a basalt altar of Yredelemnul.
   912 | D        | Found a sacrificial altar of Ru.
   917 | D        | Reached skill level 7 in Long Blades
   922 | D        | Killed a necrophage
   923 | D        | Reached skill level 5 in Fighting
   923 | D        | Reached skill level 8 in Long Blades
   923 | D        | Reached XP level 6. HP: 30/56 MP: 6/6
  1073 | D        | Found a glowing silver altar of Zin.
  1073 | D        | Found a glowing golden altar of the Shining One.
  1073 | D        | Found a white marble altar of Elyvilon.
  1074 | D        | Noticed a deep elf pyromancer
  1088 | D        | Noticed a fire elemental
  1092 | D        | Killed from afar by a deep elf pyromancer

Illustrated notes

Levels and vault maps discovered:
D:        dungeon_sprint_mu [sprint_mu_entry_forest, sprint_mu_temple_rooms,
          sprint_mu_d1_horrors, sprint_mu_d2_genie, sprint_mu_d3_branching,
          sprint_mu_orc_legion, sprint_mu_elf_gauntlet, sprint_mu_hive_nellie,
          sprint_mu_lair_fedhas, sprint_mu_vaults_butterflies,
          sprint_mu_slime_circle, sprint_mu_swamp_cave, sprint_mu_shoals_archi,
          sprint_mu_blade_basic, sprint_mu_crypt_lich, sprint_mu_tomb_spiral,
          sprint_mu_vestibule_basic, sprint_mu_gehenna_hellfire,
          sprint_mu_dis_giant, sprint_mu_tartarus_statrot,
          sprint_mu_cocytus_islands, sprint_mu_zot1]

Skill      XL: |  1  2  3  4  5 |
---------------+----------------+-----
Long Blades    | 4 5 6 8 |  8.2
Dodging        | 4 5 6 |  6.5
Armour         | 2 3 |  3.3
Fighting       | 3 5 |  5.0
Throwing       | 3 |  3.9
Stealth        | 1 |  1.9

Action                   |  1- 3 |  4- 6 || total
-------------------------+-------+-------++-------
Melee: Long sword        |    25 |    20 ||    45
Throw: Throwing net      |     1 |       ||     1
  Use: Potion            |     3 |     2 ||     5
       Scroll            |       |     3 ||     3
 Stab: Sleeping          |       |     2 ||     2
Armor: Leather armour    |     4 |     6 ||    10
Dodge: Dodged            |     8 |     9 ||    17

Table legend: (Time is in decaauts)
 A = Elapsed time spent in this place.
 B = Non-inter-level travel time spent in this place.
 C = Inter-level travel time spent in this place.
 D = Time resting spent in this place.
 E = Time spent auto-exploring this place.
 F = Levels seen in this place.
 G = Mean time per level.
                   A        B        C        D        E       F      G
               +--------+--------+--------+--------+--------+-----+--------+
         Total |   1111 |   1111 |      0 |    856 |      0 |   1 | 1111.0 |
       Dungeon |   1111 |   1111 |      0 |    856 |      0 |   1 | 1111.0 |
               +--------+--------+--------+--------+--------+-----+--------+

Top non-repeatable levels by time:
       D: 1111 daAuts
